[Event "Titled Tuesday Blitz August 16 Late 2022"]
[White "Yedidia, Daniel"]
[Black "Arnold, Ken"]
[WhiteFideId "30905907"]
[BlackFideId "2056836"]
[WhiteElo "2054"]
[BlackElo "2391"]
[Result "0-1"]
[Round "07"]
[TimeControl "180+1"]
[Date "2022.08.18"]
[WhiteClock "0:00:00"]
[BlackClock "0:00:00"]

1. d4 d5 2. c4 c6 3. Nf3 Nf6 4. Nc3 dxc4 5. a4 Bf5 6. e3 e6 7. Bxc4 Nbd7 8. O-O Be7 9. Qe2 Bg6 10. e4 Qc7 11. Rd1 O-O 12. h3 Rfe8 13. Bg5 h6 14. Bh4 e5 15. d5 cxd5 16. Bxd5 a6 17. Ba2 Rad8 18. Rac1 Qa5 19. Bg3 Bb4 20. Qc4 Bxc3 21. Rxc3 Nxe4 22. Bh4 Nxc3 23. Bxd8 Rxd8 24. bxc3 Kh7 25. Rd5 b5 26. axb5 Nb6 27. Rxd8 Nxc4 28. Bxc4 Qxd8 29. bxa6 e4 30. Nd4 Qc7 31. Bd5 Qxc3 32. a7 Qa1+ 0-1


[Site "https://www.chess.com"]

[Event "Titled Tuesday Blitz August 16 Late 2022"]
[White "Zenin, Dmitry"]
[Black "Filgueira, Hernan"]
[WhiteFideId "4127897"]
[BlackFideId "101770"]
[WhiteElo "2215"]
[BlackElo "2363"]
[Result "1-0"]
[Round "07"]
[TimeControl "180+1"]
[Date "2022.08.18"]
[WhiteClock "0:00:00"]
[BlackClock "0:00:00"]

1. d4 d6 2. c4 e5 3. d5 f5 4. e4 Nf6 5. Nc3 Be7 6. exf5 Bxf5 7. Bd3 Bxd3 8. Qxd3 O-O 9. Nge2 Na6 10. Ng3 Nc5 11. Qe2 a5 12. O-O Qd7 13. Be3 b6 14. Bxc5 bxc5 15. a4 Rf7 16. Ra3 Qg4 17. Qxg4 Nxg4 18. Nge4 Nh6 19. Rb3 Nf5 20. Rb7 Bd8 21. g3 Nd4 22. Kg2 Nc2 23. h4 h6 24. h5 Nd4 25. Rd1 Kf8 26. Rh1 Ke8 27. Nb5 Nxb5 28. Rxb5 Kd7 29. Rd1 Be7 30. Rd3 Rff8 31. Rf3 Rxf3 32. Kxf3 Bd8 33. Kg4 c6 34. Rb7+ Bc7 35. Kf5 cxd5 36. cxd5 Kc8 37. Rb3 Kd7 38. Kg6 c4 39. Rc3 Bb6 40. Rxc4 Bd4 41. Rc6 Ke7 42. Rxd6 Bxb2 43. Re6+ Kd7 44. Rb6 Ba3 45. Rb7+ Kc8 46. Rxg7 Ra6+ 47. Kf5 Bb2 48. d6 Ba3 49. Ke6 Kb8 50. Kd5 Bb2 51. Rg8+ Kb7 52. d7 Ra7 53. d8=Q Ra8 54. Qxa8+ Kc7 55. Rg7+ Kb6 56. Qb7# 1-0


[Site "https://www.chess.com"]

[Event "Titled Tuesday Blitz August 16 Late 2022"]
[White "Acosta Cruz, Oscar Yosimar"]
[Black "Mirimanian, Hayk"]
[WhiteFideId "5111269"]
[BlackFideId "4700180"]
[WhiteElo "2147"]
[BlackElo "2280"]
[Result "1-0"]
[Round "08"]
[TimeControl "180+1"]
[Date "2022.08.18"]
[WhiteClock "0:00:00"]
[BlackClock "0:00:00"]

1. b3 b6 2. Bb2 Bb7 3. e3 Nf6 4. Nf3 e6 5. c4 Be7 6. Be2 O-O 7. O-O Ne4 8. d3 Nf6 9. Nbd2 c5 10. Rc1 Nc6 11. Qc2 Rc8 12. Rfd1 Qc7 13. Qb1 Qb8 14. Qa1 Rfd8 15. d4 cxd4 16. Nxd4 Nxd4 17. Bxd4 d5 18. Bf3 Qa8 19. cxd5 Bxd5 20. Bxd5 Qxd5 21. Nf3 Qh5 22. h3 h6 23. Be5 Qf5 24. Rxd8+ Rxd8 25. Qc3 Nd5 26. Qc4 Qh5 27. e4 Nf6 28. Qc7 Rd7 29. Qb8+ Rd8 30. Qxa7 Bc5 31. Qc7 Ra8 32. Bxf6 gxf6 33. a4 Qg6 34. Qc6 Kh7 35. Qxa8 1-0


[Site "https://www.chess.com"]

[Event "Titled Tuesday Blitz August 16 Late 2022"]
[White "Akbas, Umut Ata"]
[Black "Kruckenhauser, Arthur"]
[WhiteFideId "44572646"]
[BlackFideId "1642812"]
[WhiteElo "1654"]
[BlackElo "2218"]
[Result "1-0"]
[Round "08"]
[TimeControl "180+1"]
[Date "2022.08.16"]
[WhiteClock "0:02:48"]
[BlackClock "0:02:50"]

1. Nf3 d5 2. e3 Nf6 3. c4 e6 4. Nc3 Be7 5. b3 O-O 6. Bb2 dxc4 7. Bxc4 a6 8. O-O b5 9. Be2 Bb7 10. d4 Nbd7 11. Rc1 c5 12. h3 Rc8 13. Qd2 cxd4 14. Nxd4 Ne5 15. Rfd1 1-0


[Site "https://www.chess.com"]

[Event "Titled Tuesday Blitz August 16 Late 2022"]
[White "Al Hosani, Omran"]
[Black "Buchenau, Frank"]
[WhiteFideId "9308733"]
[BlackFideId "4604350"]
[WhiteElo "2236"]
[BlackElo "2157"]
[Result "1-0"]
[Round "08"]
[TimeControl "180+1"]
[Date "2022.08.18"]
[WhiteClock "0:00:00"]
[BlackClock "0:00:00"]

1. d4 e6 2. e4 d5 3. e5 c5 4. c3 Qb6 5. Nf3 Bd7 6. a3 Bb5 7. Bxb5+ Qxb5 8. Qe2 Qxe2+ 9. Kxe2 Nc6 10. Be3 c4 11. Nbd2 Nge7 12. a4 Nf5 13. b4 cxb3 14. Nxb3 Rc8 15. a5 Be7 16. Rhc1 Kd7 17. Bd2 Nb8 18. Kd3 Rc4 19. g4 Nh4 20. Nxh4 Bxh4 21. f4 Be7 22. f5 h5 23. fxe6+ fxe6 24. g5 Rf8 25. Rf1 Rcc8 26. h4 Rxf1 27. Rxf1 Rf8 28. Rxf8 Bxf8 29. c4 Nc6 30. c5 Ne7 31. Nc1 Nf5 32. Be1 Kc6 33. Ne2 Kb5 34. Nf4 b6 35. axb6 axb6 36. cxb6 Kxb6 37. Nxe6 Be7 38. Nf4 Kc6 39. Nxh5 1-0


[Site "https://www.chess.com"]

[Event "Titled Tuesday Blitz August 16 Late 2022"]
[White "Al-Tarboush, Ward"]
[Black "Janaszak, Dawid"]
[WhiteFideId "7601450"]
[BlackFideId "1119206"]
[WhiteElo "2234"]
[BlackElo "2165"]
[Result "1-0"]
[Round "08"]
[TimeControl "180+1"]
[Date "2022.08.16"]
[WhiteClock "0:00:07"]
[BlackClock "0:00:01"]

1. e4 c5 2. Nf3 Nc6 3. d4 cxd4 4. Nxd4 g6 5. c4 Bg7 6. Be3 Qb6 7. Nb3 Qd8 8. Qd2 a5 9. Nc3 a4 10. Nd4 Nf6 11. Be2 Qa5 12. O-O Nxe4 13. Nxe4 Qxd2 14. Bxd2 Bxd4 15. Nc3 a3 16. b3 d6 17. Rac1 O-O 18. Nb5 Bb2 19. Rcd1 Bf5 20. Be3 Nb4 21. Bd2 Nxa2 22. Ra1 Bxa1 23. Rxa1 d5 24. c5 Rfc8 25. Rxa2 Rxc5 26. Rxa3 Rxa3 27. Nxa3 d4 28. g4 Bc2 29. b4 Rc8 30. f4 d3 31. Bf3 Ra8 32. Nc4 Ra1+ 33. Kf2 Ra2 34. Ke3 b5 35. Ne5 Ra3 36. Bd5 e6 37. Bc6 Ra1 38. Nf3 Ba4 39. Be4 f5 40. gxf5 gxf5 41. Bxd3 Ra3 42. Ke2 Ra2 43. Nd4 Kf7 44. Nxb5 Ra1 45. Nd4 Rh1 46. Nf3 Bc6 47. Ne5+ Kg7 48. Nxc6 Rxh2+ 49. Kd1 Rh1+ 50. Kc2 Kf6 51. b5 e5 52. fxe5+ Ke6 53. Bc4+ Kd7 54. e6+ Kc7 55. e7 Ra1 56. e8=Q 1-0


[Site "https://www.chess.com"]

[Event "Titled Tuesday Blitz August 16 Late 2022"]
[White "Aldokhin, Ivan"]
[Black "Pakleza, Zbigniew"]
[WhiteFideId "24115720"]
[BlackFideId "1119290"]
[WhiteElo "2246"]
[BlackElo "2411"]
[Result "1/2-1/2"]
[Round "08"]
[TimeControl "180+1"]
[Date "2022.08.16"]
[WhiteClock "0:01:14"]
[BlackClock "0:00:30"]

1. e4 d6 2. d4 Nf6 3. Nc3 c6 4. f4 Qb6 5. e5 Nd5 6. Bc4 Nxc3 7. bxc3 Bf5 8. e6 Bxe6 9. Bxe6 fxe6 10. Nf3 Qb5 11. Ng5 Kd7 12. Bd2 b6 13. a4 Qc4 14. Qg4 Na6 15. Nf7 Rg8 16. Nh6 Rh8 17. Nf7 Rg8 18. Nh6 Rh8 19. Nf7 1/2-1/2


[Site "https://www.chess.com"]

[Event "Titled Tuesday Blitz August 16 Late 2022"]
[White "Ambartsumova, Karina"]
[Black "Prydun, Andriy"]
[WhiteFideId "4166299"]
[BlackFideId "14145898"]
[WhiteElo "2262"]
[BlackElo "2163"]
[Result "1/2-1/2"]
[Round "08"]
[TimeControl "180+1"]
[Date "2022.08.18"]
[WhiteClock "0:00:00"]
[BlackClock "0:00:00"]

1. Nf3 Nf6 2. g3 g6 3. Bg2 Bg7 4. O-O O-O 5. d4 d5 6. c4 c6 7. b3 a5 8. Nc3 Ne4 9. Bb2 Nxc3 10. Bxc3 Nd7 11. cxd5 cxd5 12. Qd2 Nf6 13. Ne5 Bf5 14. f3 a4 15. Bb4 Nd7 16. Nxd7 Qxd7 17. g4 Be6 18. Rfc1 Rfc8 19. e3 Bf6 20. Bf1 Kh8 21. Rxc8+ Rxc8 22. Rc1 axb3 23. axb3 h5 24. h3 Bg5 25. Rxc8+ Qxc8 26. f4 Bh4 27. Qh2 Qc1 28. Qe2 Bg3 29. Bxe7 h4 30. Bf6+ Kh7 31. Qf3 Qc2 32. Qe2 Qxb3 33. f5 Bd7 34. fxg6+ fxg6 35. Be7 Be6 36. Qf3 Qc3 37. Be2 Qc1+ 38. Kg2 Qd2 39. Bd6 b5 40. Bxg3 hxg3 41. Kxg3 b4 42. h4 b3 43. h5 gxh5 44. Qf6 Qxe2 45. Qe7+ Kh8 46. Qf6+ Kh7 47. Qe7+ Kh8 48. Qf6+ Kh7 1/2-1/2


[Site "https://www.chess.com"]

[Event "Titled Tuesday Blitz August 16 Late 2022"]
[White "Amburgy, Ryan"]
[Black "Leenhouts, Koen"]
[WhiteFideId "30924820"]
[BlackFideId "1008439"]
[WhiteElo "2066"]
[BlackElo "2409"]
[Result "1-0"]
[Round "08"]
[TimeControl "180+1"]
[Date "2022.08.16"]
[WhiteClock "0:00:18"]
[BlackClock "0:00:03"]

1. d4 d5 2. Nc3 Nf6 3. Bf4 g6 4. e3 Bg7 5. h4 h5 6. Nf3 c5 7. Nb5 Na6 8. c3 O-O 9. a4 Bg4 10. Be2 Ne4 11. O-O Nd6 12. Nxd6 exd6 13. Qb3 Nc7 14. dxc5 dxc5 15. Qxb7 Ne6 16. Bg3 Qb6 17. Qxb6 axb6 18. Bb5 Bxf3 19. gxf3 d4 20. cxd4 cxd4 21. e4 Nc5 22. b4 Ne6 23. Rac1 Rfc8 24. Rxc8+ Rxc8 25. a5 bxa5 26. bxa5 Rc5 27. Rb1 d3 28. a6 d2 29. Ba4 Ra5 30. Bb3 Rxa6 31. Bxe6 Rxe6 32. Bf4 Bc3 33. Rd1 Rc6 34. Kf1 Bb4 35. Ke2 Kg7 36. Bxd2 Bxd2 37. Rxd2 Re6 38. Ke3 Ra6 39. Rd3 Ra1 40. Kf4 Rh1 41. Kg3 Rg1+ 42. Kh3 Rh1+ 43. Kg3 Rg1+ 44. Kh2 Rf1 45. Kg2 Ra1 46. f4 Ra4 47. f3 Ra2+ 48. Kg3 Ra1 49. Rd5 Rg1+ 50. Kh2 Rf1 51. Kg2 Rb1 52. f5 Rb2+ 53. Kg3 Rb1 54. fxg6 fxg6 55. Rd6 Rg1+ 56. Kh2 Rf1 57. Kg2 Ra1 58. Rb6 Re1 59. Rb7+ Kf6 60. Kg3 Rg1+ 61. Kf4 Rh1 62. e5+ Ke6 63. Rb6+ Kf7 64. Kg5 Rg1+ 65. Kh6 Rg3 66. Rf6+ Ke7 67. Rxg6 Rxf3 68. Rg5 1-0


[Site "https://www.chess.com"]

[Event "Titled Tuesday Blitz August 16 Late 2022"]
[White "Ardila, Oscar Humberto"]
[Black "Golubev, Mikhail"]
[WhiteFideId "4404742"]
[BlackFideId "14100983"]
[WhiteElo "1939"]
[BlackElo "2374"]
[Result "0-1"]
[Round "08"]
[TimeControl "180+1"]
[Date "2022.08.18"]
[WhiteClock "0:00:00"]
[BlackClock "0:00:00"]

1. d4 Nf6 2. c4 g6 3. Nc3 Bg7 4. Nf3 d6 5. e3 O-O 6. Be2 Nbd7 7. O-O b6 8. b4 Bb7 9. Bb2 e5 10. dxe5 dxe5 11. Qc2 Qe7 12. Ba3 a5 13. Rab1 axb4 14. Bxb4 Nc5 15. Rfd1 Rfd8 16. Rxd8+ Rxd8 17. Rd1 Rxd1+ 18. Qxd1 h6 19. Nd5 Nxd5 20. cxd5 e4 21. Ne1 Qd6 22. Bc4 c6 23. Nc2 cxd5 24. Bb5 Bc6 25. Be2 Ba4 26. Qd2 Bxc2 27. Qxc2 f5 28. h3 Kh7 29. Bb5 d4 30. exd4 Bxd4 31. Qc4 Kg7 32. Be8 Qf6 33. Qd5 h5 34. Bc6 e3 35. fxe3 Bxe3+ 36. Kh1 Ne4 37. Qd7+ Kh6 38. Bxe4 fxe4 39. Qd1 Qd4 40. Bf8+ Kh7 41. Qf1 Bf2 42. g4 e3 43. gxh5 Qe4+ 44. Kh2 Qf4+ 45. Kh1 Qxf8 46. hxg6+ Kg7 47. Qb5 Qf3+ 48. Kh2 Qg3+ 49. Kh1 Qg1# 0-1


[Site "https://www.chess.com"]

[Event "Titled Tuesday Blitz August 16 Late 2022"]
[White "Averjanov, Alexey"]
[Black "Yaksin, Oleg"]
[WhiteFideId "14109867"]
[BlackFideId "24105880"]
[WhiteElo "2399"]
[BlackElo "2256"]
[Result "0-1"]
[Round "08"]
[TimeControl "180+1"]
[Date "2022.08.18"]
[WhiteClock "0:00:00"]
[BlackClock "0:00:00"]

1. d4 f5 2. c4 Nf6 3. Nf3 g6 4. g3 Bg7 5. Bg2 O-O 6. O-O d6 7. b3 Qe8 8. Bb2 Na6 9. d5 Bd7 10. Nc3 c6 11. Nd4 Nc7 12. Rc1 c5 13. Nc2 Rb8 14. a4 b6 15. Ba1 a6 16. e4 b5 17. axb5 axb5 18. exf5 Bxf5 19. Ne3 Bd7 20. Re1 Qf7 21. Qd2 bxc4 22. bxc4 Rb3 23. Ne4 Nxe4 24. Bxe4 Bxa1 25. Rxa1 Rfb8 26. Rab1 Qf6 27. Rxb3 Rxb3 28. Rb1 Rxb1+ 29. Bxb1 Qa1 30. Qa2 Qc3 31. Qc2 Qe1+ 32. Kg2 Na6 33. Qa2 Nb4 34. Qa8+ Kf7 35. Qd8 Bh3+ 36. Kxh3 Qxb1 37. Qh8 h5 38. Qh7+ Ke8 39. Qg8+ Kd7 40. Qe6+ Kd8 41. Ng2 Qf1 42. Qg8+ Kc7 43. Qxg6 Nd3 44. Qf7 Nxf2+ 45. Kh4 Qxg2 46. Qxe7+ Kb6 47. Qxd6+ Ka5 48. Qxc5+ Ka4 49. Qb5+ Ka3 50. Qc5+ Kb3 51. d6 Qh3+ 52. Kg5 Ne4+ 0-1


[Site "https://www.chess.com"]

[Event "Titled Tuesday Blitz August 16 Late 2022"]
[White "Avila Pavas, Santiago"]
[Black "Lenderman, Aleksandr"]
[WhiteFideId "4437128"]
[BlackFideId "2021285"]
[WhiteElo "2291"]
[BlackElo "2607"]
[Result "0-1"]
[Round "08"]
[TimeControl "180+1"]
[Date "2022.08.16"]
[WhiteClock "0:00:12"]
[BlackClock "0:00:50"]

1. b3 d5 2. Bb2 Bg4 3. h3 Bh5 4. d3 e6 5. Nd2 Nf6 6. Ngf3 Nbd7 7. d4 Bd6 8. e3 O-O 9. Be2 h6 10. O-O Bg6 11. Ne5 Bh7 12. Bd3 Bxd3 13. cxd3 c5 14. Nxd7 Nxd7 15. Rc1 cxd4 16. Bxd4 Qa5 17. Qg4 Ne5 18. Bxe5 Bxe5 19. Nf3 Bf6 20. Rc2 Rac8 21. Rfc1 Rxc2 22. Rxc2 Qb5 23. d4 Qd7 24. Ne1 Rc8 25. Qd1 Rc6 26. Rxc6 Qxc6 27. Qc2 Qxc2 28. Nxc2 Be7 29. Kf1 Kf8 30. Ke2 Ke8 31. Kd3 Kd7 32. f3 Kc6 33. e4 Bd6 34. Ne3 Bf4 35. exd5+ exd5 36. Nc2 Kd6 37. Na3 Ke6 38. Nb5 a6 39. Nc3 Bd6 40. Ke3 g5 41. g4 Bb4 42. Nd1 f5 43. Nb2 Bd6 44. Nd3 Kf6 45. Nc5 fxg4 46. hxg4 Bxc5 47. dxc5 Ke5 48. b4 d4+ 49. Kd3 Kd5 50. a4 a5 51. c6 bxc6 52. bxa5 c5 53. a6 c4+ 0-1


[Site "https://www.chess.com"]

[Event "Titled Tuesday Blitz August 16 Late 2022"]
[White "Barash, Anton"]
[Black "Koepke, Christian"]
[WhiteFideId "30935229"]
[BlackFideId "4655737"]
[WhiteElo "2088"]
[BlackElo "2188"]
[Result "0-1"]
[Round "08"]
[TimeControl "180+1"]
[Date "2022.08.18"]
[WhiteClock "0:00:00"]
[BlackClock "0:00:00"]

1. e4 c6 2. d4 d5 3. Nc3 dxe4 4. f3 exf3 5. Nxf3 Nf6 6. Bc4 Bf5 7. Nh4 Bg6 8. g4 e6 9. g5 Nd5 10. O-O Bd6 11. Qf3 Qc7 12. Qh3 Bxc2 13. g6 hxg6 14. Bg5 Bf5 15. Qg2 Rh5 16. Rae1 Nxc3 17. Nxf5 Bxh2+ 18. Kf2 gxf5 19. bxc3 Bf4 20. Rh1 Rxg5 21. Rh8+ Ke7 22. Qh3 Bg3+ 23. Ke2 Bxe1 24. Kxe1 Qg3+ 0-1


[Site "https://www.chess.com"]

[Event "Titled Tuesday Blitz August 16 Late 2022"]
[White "Barria Zuniga, Daniel"]
[Black "Pires, Marcos Vinicius Torsani"]
[WhiteFideId "3400816"]
[BlackFideId "2118939"]
[WhiteElo "2414"]
[BlackElo "2273"]
[Result "1-0"]
[Round "08"]
[TimeControl "180+1"]
[Date "2022.08.18"]
[WhiteClock "0:00:00"]
[BlackClock "0:00:00"]

1. d4 Nf6 2. c4 g6 3. Nc3 d5 4. Bf4 Bg7 5. e3 O-O 6. Rc1 c6 7. h3 e6 8. Nf3 b6 9. Be2 Bb7 10. O-O Nbd7 11. b4 Rc8 12. Bh2 dxc4 13. Bxc4 c5 14. bxc5 bxc5 15. Nb5 Bxf3 16. Qxf3 cxd4 17. exd4 Nb6 18. Bb3 Rxc1 19. Rxc1 Nfd5 20. Bd6 Re8 21. Nc7 Nxc7 22. Rxc7 Qf6 23. Qxf6 Bxf6 24. Be5 Bxe5 25. dxe5 a5 26. Rb7 Nd5 27. Rb5 Nf4 28. Rxa5 Rc8 29. Kh2 Nd3 30. Kg3 h5 31. h4 Rc1 32. Kf3 Re1 33. a4 Nxe5+ 34. Kg3 Nd3 35. Ra8+ Kg7 36. a5 Rc1 37. a6 Rc3 38. a7 Rxb3 39. Rg8+ Kxg8 40. a8=Q+ Kg7 41. Qa1+ e5 42. f3 f6 43. Qa7+ Kh6 44. Qf7 Rb8 45. Qxf6 Nf4 46. Qg5+ Kh7 47. Qxe5 Rf8 48. Qxf4 Rxf4 49. Kxf4 Kg7 50. Kg5 Kf7 51. f4 Kg7 52. f5 gxf5 53. Kxf5 Kh6 54. g3 Kh7 55. Kg5 1-0


[Site "https://www.chess.com"]

[Event "Titled Tuesday Blitz August 16 Late 2022"]
[White "Bilych, Olexiy"]
[Black "Przybylski, Wojciech"]
[WhiteFideId "14156504"]
[BlackFideId "1117599"]
[WhiteElo "2157"]
[BlackElo "2133"]
[Result "1-0"]
[Round "08"]
[TimeControl "180+1"]
[Date "2022.08.16"]
[WhiteClock "0:01:33"]
[BlackClock "0:00:01"]

1. e4 c5 2. Nf3 e6 3. d4 cxd4 4. Nxd4 Nc6 5. Nc3 Qc7 6. Be3 a6 7. Be2 Nf6 8. O-O Be7 9. f4 d6 10. Qe1 O-O 11. Kh1 Nxd4 12. Bxd4 b5 13. a3 Bb7 14. Qg3 Rad8 15. Rae1 Rd7 16. Bd3 Re8 17. Nd1 Bd8 18. Ne3 Bc6 19. Nd5 exd5 20. exd5 Rxe1 21. Rxe1 Re7 22. Rxe7 Bxe7 23. dxc6 Qxc6 24. Qe3 Qd7 25. h3 Qe6 26. Qxe6 fxe6 27. c4 bxc4 28. Bxc4 Nd5 29. Bxd5 exd5 30. b4 Kf7 31. Kg1 g6 32. g4 Ke6 33. a4 Bd8 34. b5 axb5 35. axb5 Kd7 36. f5 gxf5 37. gxf5 Bg5 38. Kg2 Bd2 39. Kg3 Ba5 40. Kg4 Ke7 41. Kh5 Kf7 42. b6 Ke7 43. b7 Bc7 44. Kh6 1-0


[Site "https://www.chess.com"]

[Event "Titled Tuesday Blitz August 16 Late 2022"]
[White "Bochnicka, Vladimir"]
[Black "Sarkar, Justin"]
[WhiteFideId "14943450"]
[BlackFideId "2010011"]
[WhiteElo "1939"]
[BlackElo "2076"]
[Result "1-0"]
[Round "08"]
[TimeControl "180+1"]
[Date "2022.08.18"]
[WhiteClock "0:00:00"]
[BlackClock "0:00:00"]

1. e4 e5 2. Nf3 Nc6 3. Bc4 Nf6 4. d3 Be7 5. O-O O-O 6. Re1 d6 7. a4 a6 8. a5 Be6 9. Nbd2 Qd7 10. c3 h6 11. Bxe6 fxe6 12. d4 exd4 13. cxd4 d5 14. exd5 exd5 15. Ne5 Nxe5 16. dxe5 Nh7 17. Nf3 c5 18. Qb3 Qc6 19. Be3 Rxf3 20. gxf3 Ng5 21. Bxg5 Bxg5 22. Rad1 c4 23. Qb6 Bf4 24. e6 Re8 25. Rd4 Bc7 26. Qxc6 bxc6 27. Rg4 Bxa5 28. f4 Bxe1 29. f5 Bd2 30. Kg2 1-0


[Site "https://www.chess.com"]

[Event "Titled Tuesday Blitz August 16 Late 2022"]
[White "Capp, Stephen"]
[Black "Kaganskiy, Gleb"]
[WhiteFideId "2027089"]
[BlackFideId "4132025"]
[WhiteElo "1920"]
[BlackElo "2165"]
[Result "0-1"]
[Round "08"]
[TimeControl "180+1"]
[Date "2022.08.18"]
[WhiteClock "0:00:00"]
[BlackClock "0:00:00"]

1. e4 d6 2. Nc3 e5 3. Bc4 Nf6 4. d3 Be7 5. f4 c6 6. Bb3 b5 7. Nf3 a5 8. a4 b4 9. Ne2 Nbd7 10. O-O Qb6+ 11. Kh1 Ng4 12. Qe1 h5 13. Ng3 h4 14. Nf5 h3 15. g3 Nc5 16. Bxf7+ Kxf7 17. fxe5 Bxf5 18. exf5 Nb7 19. e6+ Ke8 20. d4 c5 21. c3 Nf6 22. Be3 Rc8 23. Qe2 Nd5 24. Bg5 bxc3 25. Bxe7 Kxe7 26. bxc3 Nxc3 27. Qd3 cxd4 28. f6+ gxf6 29. Qg6 Rcf8 30. Qg7+ Kxe6 31. Rae1+ Kd5 32. Qg4 f5 33. Qf4 Ne4 34. Nd2 Nbc5 35. Rc1 Rhg8 36. Nc4 Qb3 37. Qh6 Rf6 38. Qh7 Nxg3+ 39. hxg3 Qxg3 0-1


[Site "https://www.chess.com"]

[Event "Titled Tuesday Blitz August 16 Late 2022"]
[White "Carbone, Diego"]
[Black "Hoffmann, Asa"]
[WhiteFideId "3002179"]
[BlackFideId "2001470"]
[WhiteElo "2199"]
[BlackElo "2117"]
[Result "1-0"]
[Round "08"]
[TimeControl "180+1"]
[Date "2022.08.18"]
[WhiteClock "0:00:00"]
[BlackClock "0:00:00"]

1. d4 Nf6 2. c4 c5 3. d5 e5 4. Nc3 d6 5. e4 Be7 6. g3 O-O 7. Bg2 Na6 8. Nge2 Ne8 9. O-O Bd7 10. Be3 Nec7 11. a4 Nb4 12. Qd2 b6 13. f4 Bf6 14. f5 Qe7 15. g4 h6 16. Ng3 Bg5 17. Rf2 a6 18. Nh5 f6 19. Bxg5 hxg5 20. h4 gxh4 21. Qe3 Be8 22. Qh3 Bxh5 23. gxh5 Kf7 24. Qg4 Ke8 25. Rd1 Rh8 26. Bf3 Kd7 27. Rg2 Rh7 28. Qxh4 b5 29. axb5 axb5 30. cxb5 Rb8 31. Ra1 Rb7 32. Rg6 Nc2 33. Be2 Nxa1 34. Bc4 Nc2 35. Qf2 Nd4 36. Qg3 Ncxb5 37. Nxb5 Nxb5 38. Qb3 Rxh5 39. Bxb5+ Kc7 40. Qa4 Rg5+ 41. Rxg5 fxg5 42. Qa5+ Kb8 43. Bc6 g4 44. Bxb7 Kxb7 45. Qb5+ Kc7 46. Qa6 Qd7 47. Qa7+ Kd8 48. Qb8+ Ke7 49. Qg8 Kf6 50. Qe6+ Qxe6 51. fxe6 1-0


[Site "https://www.chess.com"]

[Event "Titled Tuesday Blitz August 16 Late 2022"]
[White "Chigaev, Maksim"]
[Black "Wiewiora, Eneasz"]
[WhiteFideId "4108116"]
[BlackFideId "1140396"]
[WhiteElo "2487"]
[BlackElo "2291"]
[Result "1-0"]
[Round "08"]
[TimeControl "180+1"]
[Date "2022.08.16"]
[WhiteClock "0:00:15"]
[BlackClock "0:00:19"]

1. e4 d6 2. d4 Nf6 3. Nc3 e5 4. Nf3 Nbd7 5. Rg1 g6 6. g4 Bg7 7. Be3 O-O 8. g5 Nh5 9. Nh4 exd4 10. Bxd4 Ne5 11. Qd2 c5 12. Be3 Be6 13. f4 Nc4 14. Bxc4 Bxc4 15. O-O-O Qa5 16. f5 Bxc3 17. Qxc3 Qxc3 18. bxc3 Rad8 19. e5 dxe5 20. Bxc5 Rfe8 21. Rxd8 Rxd8 22. Re1 Rd5 23. Bxa7 Nf4 24. a4 Ne2+ 25. Kb2 Ra5 26. Rd1 gxf5 27. Nxf5 f6 28. gxf6 Rxa7 29. Nh6+ 1-0


[Site "https://www.chess.com"]

[Event "Titled Tuesday Blitz August 16 Late 2022"]
[White "Claverie, Christophe"]
[Black "Arnold, Ken"]
[WhiteFideId "605514"]
[BlackFideId "2056836"]
[WhiteElo "2300"]
[BlackElo "2391"]
[Result "1-0"]
[Round "08"]
[TimeControl "180+1"]
[Date "2022.08.18"]
[WhiteClock "0:00:00"]
[BlackClock "0:00:00"]

1. d4 d5 2. Bf4 c6 3. a3 Nf6 4. e3 Bf5 5. c4 e6 6. Nc3 Nbd7 7. Nf3 Ne4 8. Be2 Be7 9. h3 O-O 10. O-O dxc4 11. Bxc4 Nb6 12. Be2 Nd5 13. Nxe4 Bxe4 14. Bg3 Qb6 15. Qd2 a5 16. Ne5 Rfd8 17. Nc4 Qa7 18. f3 Bg6 19. Bf2 b5 20. Ne5 Rac8 21. Rfc1 Qb7 22. Qxa5 Bf6 23. Nxg6 hxg6 24. f4 Be7 25. Qe1 Nf6 26. Bf3 Qb6 27. e4 c5 28. dxc5 Bxc5 29. Rxc5 Rxc5 30. b4 1-0


[Site "https://www.chess.com"]

[Event "Titled Tuesday Blitz August 16 Late 2022"]
[White "Csonka, Balazs"]
[Black "Goncalves, Davi Sulzbacher"]
[WhiteFideId "742910"]
[BlackFideId "2154510"]
[WhiteElo "2404"]
[BlackElo "2107"]
[Result "1-0"]
[Round "08"]
[TimeControl "180+1"]
[Date "2022.08.16"]
[WhiteClock "0:01:05"]
[BlackClock "0:02:00"]

1. c4 Nf6 2. Nc3 Nc6 3. d4 d5 4. Nf3 Bd7 5. cxd5 Nb8 6. e4 c6 7. dxc6 Nxc6 8. e5 Ng4 9. h3 Nh6 10. d5 Nb4 11. a3 Na6 12. Bxa6 bxa6 13. Bxh6 gxh6 14. e6 Bb5 15. exf7+ Kxf7 16. Ne5+ Kg8 17. Qg4+ 1-0


[Site "https://www.chess.com"]

[Event "Titled Tuesday Blitz August 16 Late 2022"]
[White "D`Arruda, Ricardo D."]
[Black "Van Dael, Siem"]
[WhiteFideId "100692"]
[BlackFideId "1049771"]
[WhiteElo "2271"]
[BlackElo "2110"]
[Result "1/2-1/2"]
[Round "08"]
[TimeControl "180+1"]
[Date "2022.08.18"]
[WhiteClock "0:00:00"]
[BlackClock "0:00:00"]

1. d4 Nf6 2. Nf3 g6 3. Nc3 d5 4. Bg5 Bg7 5. Bxf6 Bxf6 6. e4 dxe4 7. Nxe4 Bg7 8. Bc4 O-O 9. O-O Nd7 10. Re1 c6 11. Qe2 Nb6 12. Bb3 Nd5 13. h3 a5 14. a3 a4 15. Ba2 b6 16. Rad1 Ra5 17. c3 h6 18. Ne5 Qc7 19. Nc4 Rb5 20. Qc2 Bf5 21. Qxa4 Nf4 22. Ng3 Bxh3 23. gxh3 Nxh3+ 24. Kg2 Nf4+ 25. Kf1 h5 26. Re4 h4 27. Ne2 Rf5 28. Nxf4 Rxf4 29. Qc2 h3 30. Ne3 e6 31. Bb1 Bh6 32. Rxf4 Bxf4 33. Qe4 Kg7 34. Kg1 Rh8 35. Kh1 Rh4 36. Rg1 h2 37. Rxg6+ Kf8 38. Rg4 Bxe3 39. Rxh4 Bxf2 40. Rh8+ Ke7 41. Rxh2 Qg3 42. Qg2 Qg4 43. Qxf2 Qd1+ 44. Qg1 Qf3+ 45. Rg2 Qh5+ 46. Qh2 Qd1+ 47. Rg1 Qf3+ 48. Qg2 Qh5+ 49. Qh2 Qf3+ 50. Qg2 Qh5+ 51. Qh2 Qf3+ 1/2-1/2


[Site "https://www.chess.com"]

[Event "Titled Tuesday Blitz August 16 Late 2022"]
[White "Diem, Thomas"]
[Black "Ferreira, Vitor Hugo Vieira"]
[WhiteFideId "30937841"]
[BlackFideId "2119765"]
[WhiteElo "1998"]
[BlackElo "2168"]
[Result "0-1"]
[Round "08"]
[TimeControl "180+1"]
[Date "2022.08.18"]
[WhiteClock "0:00:00"]
[BlackClock "0:00:00"]

1. c4 c6 2. Nf3 d5 3. e3 Nf6 4. Nc3 e6 5. b3 Nbd7 6. Bb2 Bd6 7. Be2 O-O 8. O-O b6 9. d4 Bb7 10. Qc2 Qe7 11. e4 e5 12. dxe5 Nxe5 13. Nxe5 Qxe5 14. f4 Qd4+ 15. Kh1 Nxe4 16. Nxd5 Nf2+ 17. Rxf2 Qxf2 18. Qf5 cxd5 19. Bd3 Qh4 0-1


[Site "https://www.chess.com"]

[Event "Titled Tuesday Blitz August 16 Late 2022"]
[White "Ferriz Barrios, Andres"]
[Black "Burke, Paul"]
[WhiteFideId "5104467"]
[BlackFideId "2605767"]
[WhiteElo "2102"]
[BlackElo "1918"]
[Result "1-0"]
[Round "08"]
[TimeControl "180+1"]
[Date "2022.08.18"]
[WhiteClock "0:00:00"]
[BlackClock "0:00:00"]

1. d4 c5 2. e3 e6 3. Nf3 d5 4. c3 Nc6 5. Nbd2 Nf6 6. Bd3 h6 7. O-O Bd6 8. Re1 O-O 9. Qe2 c4 10. Bc2 e5 11. dxe5 Nxe5 12. Nxe5 Bxe5 13. e4 Qc7 14. h3 Re8 15. Kh1 Bd7 16. exd5 Bxc3 17. Qd1 Rxe1+ 18. Qxe1 Bxd2 19. Qxd2 Re8 20. b3 b5 21. Bb2 Qd6 22. Rd1 a6 23. f4 Ne4 24. Bxe4 Rxe4 25. Be5 Qg6 26. Re1 Rxe1+ 27. Qxe1 cxb3 28. axb3 Qd3 29. Qc3 Qxc3 30. Bxc3 f6 31. Kg1 Kf7 32. Kf2 g5 33. fxg5 fxg5 34. Ke3 h5 35. Be5 g4 36. h4 Bf5 37. Kf4 Bg6 38. b4 Ke7 39. Kg5 Bf7 40. d6+ Kd7 41. g3 Be8 42. Kf6 Kc6 43. Ke7 Bd7 44. Bd4 Bf5 45. Bc5 Bd7 46. Kd8 Bf5 47. Ke7 Bd7 48. Kf6 Be8 49. Kg5 Bf7 50. Kf4 Be8 51. Ke5 Bd7 52. Kd4 Be8 53. Kc3 Bf7 54. Kb2 Be8 55. Ka3 Bf7 56. d7 1-0


[Site "https://www.chess.com"]